| TOP OF THE 1ST |
|
Calgary Flames batting - Pitching for Madison Brewers : RHP Josh Brakefield
|
|
Pitching: RHP Josh Brakefield
|
|
|
Batting: RHB Dave McBain
|
0-0: Foul Ball, location: 2F 0-1: Ball 1-1: SINGLE (Groundball, 6S, EV 67.5 MPH) (infield hit)
|
|
Batting: RHB Brian DeVoe
|
0-0: Ball 1-0: Called Strike Dave McBain steals 2nd base (no throw) 1-1: Foul Ball, location: 2F 1-2: Foul Ball, location: 2F 1-2: Ground out 6-3 (Groundball, 6, EV 80.6 MPH) Dave McBain to third
|
|
Batting: RHB Eric McMillian
|
0-0: Ball 1-0: Fly out, F7 (Flyball, 78M, EV 92.5 MPH) Runner from 3rd tags up, SCORES, throw by LF
|
|
Batting: RHB Adrian Cook
|
0-0: Fly out, F8 (Line Drive, 8LM, EV 92.5 MPH)
|
| Top of the 1st over - 1 run, 1 hit, 0 errors, 0 left on base; Calgary 1 - Madison 0 |
| BOTTOM OF THE 1ST |
|
Madison Brewers batting - Pitching for Calgary Flames : LHP Ed Gates
|
|
Pitching: LHP Ed Gates
|
|
|
Batting: LHB Rick Campbell
|
0-0: Ball 1-0: Ball 2-0: SINGLE (Line Drive, 56, EV 98.8 MPH)
|
|
Batting: RHB Cameron Rattenbury
|
0-0: Foul Ball, location: 2F 0-1: Ball 1-1: Ball 2-1: Swinging Strike 2-2: Strikes out swinging
|
|
Batting: SHB Jerry Duffy
|
0-0: Called Strike 0-1: Ball 1-1: Ball 2-1: Grounds into double play, 4-6-3 (Groundball, 4, EV 93.8 MPH)
|
| Bottom of the 1st over - 0 runs, 1 hit, 0 errors, 0 left on base; Calgary 1 - Madison 0 |
| TOP OF THE 2ND |
|
Calgary Flames batting - Pitching for Madison Brewers : RHP Josh Brakefield
|
|
Batting: RHB Kalidas Mishra
|
0-0: Foul Ball, location: 2F 0-1: Swinging Strike 0-2: Foul Ball, location: 2F 0-2: Ball 1-2: Foul Ball, location: 2F 1-2: Foul Ball, location: 2F 1-2: Strikes out swinging
|
|
Batting: RHB Ricardo Ortiz
|
0-0: Called Strike 0-1: Ball 1-1: SINGLE (Groundball, 34D, EV 103.8 MPH)
|
|
Batting: RHB Ed Oake
|
0-0: Ball 1-0: Foul Ball, location: 2F 1-1: Swinging Strike 1-2: Fly out, F9 (Flyball, 89D, EV 101.9 MPH)
|
|
Batting: LHB James McCauley
|
0-0: Ball 1-0: Ground out 4-3 (Groundball, 34, EV 78.8 MPH)
|
| Top of the 2nd over - 0 runs, 1 hit, 0 errors, 1 left on base; Calgary 1 - Madison 0 |
| BOTTOM OF THE 2ND |
|
Madison Brewers batting - Pitching for Calgary Flames : LHP Ed Gates
|
|
Batting: SHB C.J. Olivares
|
0-0: Ball 1-0: Foul Ball, location: 2F 1-1: Ground out 2-3 (Groundball, 2R, EV 65.0 MPH)
|
|
Batting: RHB Chris Riddel
|
0-0: Foul Ball, location: 2F 0-1: Ball 1-1: Called Strike 1-2: Ground out 6-3 (Groundball, 6, EV 88.1 MPH)
|
|
Batting: RHB Drew Forbess
|
0-0: Ball 1-0: Ground out U3 (Groundball, 34S, EV 88.8 MPH)
|
| Bottom of the 2nd over - 0 runs, 0 hits, 0 errors, 0 left on base; Calgary 1 - Madison 0 |
| TOP OF THE 3RD |
|
Calgary Flames batting - Pitching for Madison Brewers : RHP Josh Brakefield
|
|
Batting: RHB Jon Groseclose
|
0-0: Fly out, F8 (Line Drive, 8RM, EV 95.0 MPH)
|
|
Batting: RHB Dave McBain
|
0-0: Swinging Strike 0-1: Ball 1-1: Ball 2-1: Foul Ball, location: 2F 2-2: SINGLE (Line Drive, 7LM, EV 102.5 MPH)
|
|
Batting: RHB Brian DeVoe
|
0-0: Ball 1-0: DOUBLE (Line Drive, 78D, EV 106.3 MPH) Dave McBain to third Runner from 3rd tries for Home, SAFE, throw by CF to home
|
|
Batting: RHB Eric McMillian
|
0-0: Called Strike 0-1: Ball 1-1: Ball 2-1: Ball 3-1: Fly out, F9 (Flyball, 89D, EV 106.3 MPH)
|
|
Batting: RHB Adrian Cook
|
0-0: Ground out U3 (Groundball, 13, EV 84.4 MPH)
|
| Top of the 3rd over - 1 run, 2 hits, 0 errors, 1 left on base; Calgary 2 - Madison 0 |
| BOTTOM OF THE 3RD |
|
Madison Brewers batting - Pitching for Calgary Flames : LHP Ed Gates
|
|
Batting: SHB Ramon Perez
|
0-0: Ball 1-0: Foul Ball, location: 2F 1-1: Foul Ball, location: 2F 1-2: Ball 2-2: Ball 3-2: Fly out, F8 (Line Drive, 8RD, EV 100.0 MPH)
|
|
Batting: RHB Justin Marino
|
0-0: Ball 1-0: Called Strike 1-1: Foul Ball, location: 2F 1-2: Ball 2-2: Foul Ball, location: 2F 2-2: Ground out 6-3 (Groundball, 6, EV 101.9 MPH)
|
|
Batting: RHB Jesus Menjivar
|
0-0: Called Strike 0-1: Ball 1-1: Called Strike 1-2: Ball 2-2: Ground out U3 (Groundball, 3S, EV 70.0 MPH)
|
| Bottom of the 3rd over - 0 runs, 0 hits, 0 errors, 0 left on base; Calgary 2 - Madison 0 |
| TOP OF THE 4TH |
|
Calgary Flames batting - Pitching for Madison Brewers : RHP Josh Brakefield
|
|
Batting: RHB Kalidas Mishra
|
0-0: Called Strike 0-1: Foul Ball, location: 2F 0-2: Foul Ball, location: 2F 0-2: Fly out, F9 (Flyball, 9, EV 95.6 MPH)
|
|
Batting: RHB Ricardo Ortiz
|
0-0: Called Strike 0-1: Hit by Pitch
|
|
Batting: RHB Ed Oake
|
0-0: Called Strike 0-1: Ball 1-1: Ball 2-1: Fly out, F1 (Popup, P, EV 81.3 MPH)
|
|
Batting: LHB James McCauley
|
0-0: DOUBLE (Line Drive, 7LD, EV 108.1 MPH) Ricardo Ortiz to third
|
|
Batting: RHB Jon Groseclose
|
0-0: Ball 1-0: Ball 2-0: Ball 3-0: Called Strike 3-1: Fly out, F9 (Flyball, 9S, EV 87.5 MPH)
|
| Top of the 4th over - 0 runs, 1 hit, 0 errors, 2 left on base; Calgary 2 - Madison 0 |
| BOTTOM OF THE 4TH |
|
Madison Brewers batting - Pitching for Calgary Flames : LHP Ed Gates
|
|
Batting: LHB Rick Campbell
|
0-0: Called Strike 0-1: Foul Ball, location: 2F 0-2: Ball 1-2: Foul Ball, location: 2F 1-2: Ground out 4-3 (Groundball, 4, EV 80.6 MPH)
|
|
Batting: RHB Cameron Rattenbury
|
0-0: Fly out, F5 (Line Drive, 5, EV 65.6 MPH)
|
|
Batting: SHB Jerry Duffy
|
0-0: Called Strike 0-1: SINGLE (Groundball, 6MD, EV 101.9 MPH)
|
|
Batting: SHB C.J. Olivares
|
0-0: Swinging Strike 0-1: Called Strike 0-2: Ball 1-2: Strikes out swinging
|
| Bottom of the 4th over - 0 runs, 1 hit, 0 errors, 1 left on base; Calgary 2 - Madison 0 |
| TOP OF THE 5TH |
|
Calgary Flames batting - Pitching for Madison Brewers : RHP Josh Brakefield
|
|
Batting: RHB Dave McBain
|
0-0: Ball 1-0: Called Strike 1-1: Called Strike 1-2: Foul Ball, location: 3F, Error on foul ball, E3 1-2: Ball 2-2: Ball 3-2: SINGLE (Groundball, 56D, EV 100.6 MPH)
|
|
Batting: RHB Brian DeVoe
|
0-0: Ball 1-0: Ball Dave McBain is caught stealing 2nd base 2-4 2-0: Swinging Strike 2-1: Fly out, F7 (Flyball, 7D, EV 90.0 MPH)
|
|
Batting: RHB Eric McMillian
|
0-0: Ball 1-0: Foul Ball, location: 2F 1-1: Ball 2-1: Fly out, F6 (Flyball, 56D, EV 87.5 MPH)
|
| Top of the 5th over - 0 runs, 1 hit, 1 error, 0 left on base; Calgary 2 - Madison 0 |
| BOTTOM OF THE 5TH |
|
Madison Brewers batting - Pitching for Calgary Flames : LHP Ed Gates
|
|
Batting: RHB Chris Riddel
|
0-0: Fly out, F9 (Flyball, 9S, EV 86.9 MPH)
|
|
Batting: RHB Drew Forbess
|
0-0: Ball 1-0: Ball 2-0: Ball 3-0: Called Strike 3-1: Base on Balls
|
|
Batting: SHB Ramon Perez
|
0-0: Reached on error, E3 (Groundball, 13, EV 81.3 MPH) Drew Forbess to third
|
|
Batting: RHB Justin Marino
|
0-0: Ball 1-0: Foul Ball, location: 2F 1-1: Ball 2-1: Foul Ball, location: 2F 2-2: Strikes out swinging
|
|
Pinch Hitting: RHB Victor Alarcon
|
0-0: Called Strike 0-1: Ball 1-1: Ball 2-1: Ground out 5-3 (Groundball, 56, EV 85.0 MPH)
|
| Bottom of the 5th over - 0 runs, 0 hits, 1 error, 2 left on base; Calgary 2 - Madison 0 |
| TOP OF THE 6TH |
|
Calgary Flames batting - Pitching for Madison Brewers : RHP Josh Brakefield
|
|
Now in CF: Alfredo Sena
|
|
|
Batting: RHB Adrian Cook
|
0-0: Ball 1-0: SINGLE (Groundball, 56D, EV 95.6 MPH)
|
|
Batting: RHB Kalidas Mishra
|
0-0: Ball 1-0: Grounds into double play, 5-4-3 (Groundball, 5, EV 91.3 MPH)
|
|
Batting: RHB Ricardo Ortiz
|
0-0: Called Strike 0-1: Foul Ball, location: 2F 0-2: Ball 1-2: Ball 2-2: Ball 3-2: Ground out 4-3 (Groundball, 4, EV 82.5 MPH)
|
| Top of the 6th over - 0 runs, 1 hit, 0 errors, 0 left on base; Calgary 2 - Madison 0 |
| BOTTOM OF THE 6TH |
|
Madison Brewers batting - Pitching for Calgary Flames : LHP Ed Gates
|
|
Batting: LHB Rick Campbell
|
0-0: Ball 1-0: Called Strike 1-1: Foul Ball, location: 2F 1-2: Ball 2-2: Foul Ball, location: 2F 2-2: Foul Ball, location: 2F 2-2: Fly out, F7 (Flyball, 78M, EV 85.6 MPH)
|
|
Batting: RHB Cameron Rattenbury
|
0-0: Called Strike 0-1: Ball 1-1: Ground out 6-3 (Groundball, 56, EV 86.3 MPH)
|
|
Batting: SHB Jerry Duffy
|
0-0: Ball 1-0: Ball 2-0: Called Strike 2-1: Ball 3-1: Called Strike 3-2: Base on Balls
|
|
Batting: SHB C.J. Olivares
|
0-0: Called Strike 0-1: Foul Ball, location: 2F 0-2: Ball 1-2: Foul Ball, location: 2F 1-2: Strikes out swinging
|
| Bottom of the 6th over - 0 runs, 0 hits, 0 errors, 1 left on base; Calgary 2 - Madison 0 |
| TOP OF THE 7TH |
|
Calgary Flames batting - Pitching for Madison Brewers : RHP Josh Brakefield
|
|
Batting: RHB Ed Oake
|
0-0: Ball 1-0: Foul Ball, location: 2F 1-1: Called Strike 1-2: Fly out, F8 (Line Drive, 8LM, EV 93.1 MPH)
|
|
Batting: LHB James McCauley
|
0-0: Ball 1-0: Called Strike 1-1: Foul Ball, location: 2F 1-2: SINGLE (Line Drive, 78S, EV 99.4 MPH)
|
|
Batting: RHB Jon Groseclose
|
0-0: Called Strike 0-1: Ball 1-1: Foul Ball, location: 2F 1-2: Strikes out looking
|
|
Batting: RHB Dave McBain
|
0-0: Called Strike 0-1: Swinging Strike 0-2: Ball 1-2: Ground out 1-3 (Groundball, 34S, EV 74.4 MPH)
|
| Top of the 7th over - 0 runs, 1 hit, 0 errors, 1 left on base; Calgary 2 - Madison 0 |
| BOTTOM OF THE 7TH |
|
Madison Brewers batting - Pitching for Calgary Flames : LHP Ed Gates
|
|
Batting: RHB Chris Riddel
|
0-0: Foul Ball, location: 2F 0-1: Foul Ball, location: 2F 0-2: Foul Ball, location: 2F 0-2: Ball 1-2: Ball 2-2: Foul Ball, location: 2F 2-2: Ground out 1-3 (Groundball, 15, EV 65.0 MPH)
|
|
Batting: RHB Drew Forbess
|
0-0: Reached on error, E7 (Flyball, 78D, EV 86.9 MPH)
|
|
Batting: SHB Ramon Perez
|
0-0: Ball 1-0: Fly out, F9 (Flyball, 9, EV 87.5 MPH)
|
|
Pinch Hitting: RHB Herb McIntyre
|
0-0: Ball 1-0: Called Strike 1-1: Called Strike 1-2: Foul Ball, location: 2F 1-2: Strikes out looking
|
| Bottom of the 7th over - 0 runs, 0 hits, 1 error, 1 left on base; Calgary 2 - Madison 0 |
| TOP OF THE 8TH |
|
Calgary Flames batting - Pitching for Madison Brewers : RHP Josh Brakefield
|
|
Now at 2B: Herb McIntyre
|
|
|
Now at SS: Rick Campbell
|
|
|
Batting: RHB Brian DeVoe
|
0-0: Ground out U3 (Groundball, 3L, EV 86.9 MPH)
|
|
Batting: RHB Eric McMillian
|
0-0: Ball 1-0: Swinging Strike 1-1: Foul Ball, location: 2F 1-2: Ball 2-2: Ball 3-2: Base on Balls
|
|
Batting: RHB Adrian Cook
|
0-0: SINGLE (Groundball, 4MD, EV 96.9 MPH) (infield hit) Eric McMillian to second
|
|
Pitching: LHP Tony Salazar
|
|
|
Batting: RHB Kalidas Mishra
|
0-0: Ball 1-0: Called Strike 1-1: Called Strike 1-2: Ball 2-2: Ground out 6-3 (Groundball, 6MS, EV 85.6 MPH) Eric McMillian to third Adrian Cook to second
|
|
Batting: RHB Ricardo Ortiz
|
0-0: DOUBLE (Line Drive, 7LS, EV 93.8 MPH) Eric McMillian scores Adrian Cook scores
|
|
Batting: RHB Ed Oake
|
0-0: Called Strike 0-1: Foul Ball, location: 2F 0-2: Strikes out looking
|
| Top of the 8th over - 2 runs, 2 hits, 0 errors, 1 left on base; Calgary 4 - Madison 0 |
| BOTTOM OF THE 8TH |
|
Madison Brewers batting - Pitching for Calgary Flames : LHP Ed Gates
|
|
Batting: RHB Alfredo Sena
|
0-0: Foul Ball, location: 2F 0-1: Ball 1-1: Ground out 6-3 (Groundball, P, EV 86.3 MPH)
|
|
Pinch Hitting: SHB Aaron Neill
|
0-0: SINGLE (Line Drive, 5L, EV 108.1 MPH)
|
|
Batting: RHB Cameron Rattenbury
|
0-0: Ball 1-0: Called Strike 1-1: Ball 2-1: Grounds into double play, 5-4-3 (Groundball, 56, EV 103.1 MPH)
|
| Bottom of the 8th over - 0 runs, 1 hit, 0 errors, 0 left on base; Calgary 4 - Madison 0 |
| TOP OF THE 9TH |
|
Calgary Flames batting - Pitching for Madison Brewers : LHP Tony Salazar
|
|
Now at SS: Sam Bingham
|
|
|
Pinch Hitting: RHB Kevin Davis
|
0-0: Ball 1-0: SINGLE (Groundball, 6, EV 98.1 MPH)
|
|
Batting: RHB Jon Groseclose
|
0-0: Ball 1-0: Ball 2-0: Foul Ball, location: 2F 2-1: Fly out, F9 (Flyball, 9S, EV 90.0 MPH)
|
|
Batting: RHB Dave McBain
|
0-0: Ball 1-0: Called Strike 1-1: Foul Ball, location: 2F 1-2: Fielders Choice at 2nd, 5-4 (Groundball, 5, EV 95.6 MPH)
|
|
Batting: RHB Brian DeVoe
|
0-0: Called Strike 0-1: Foul Ball, location: 2F 0-2: Ball 1-2: Strikes out swinging
|
| Top of the 9th over - 0 runs, 1 hit, 0 errors, 1 left on base; Calgary 4 - Madison 0 |
| BOTTOM OF THE 9TH |
|
Madison Brewers batting - Pitching for Calgary Flames : LHP Ed Gates
|
|
Now in RF: Tony Contreras
|
|
|
Batting: SHB Jerry Duffy
|
0-0: Called Strike 0-1: Swinging Strike 0-2: Foul Ball, location: 2F 0-2: Ball 1-2: Ball 2-2: Ball 3-2: Base on Balls
|
|
Pitching: RHP Dave Waterman
|
|
|
Batting: SHB C.J. Olivares
|
0-0: Ball 1-0: Ball 2-0: Foul Ball, location: 2F 2-1: Ball 3-1: Foul Ball, location: 2F 3-2: Foul Ball, location: 2F 3-2: Foul Ball, location: 2F 3-2: Foul Ball, location: 2F 3-2: Foul Ball, location: 2F 3-2: Hit by Pitch Jerry Duffy to second
|
|
Pitching: RHP Mike Swenson
|
|
|
Pinch Hitting: LHB Steven Donovan
|
0-0: Foul Ball, location: 2F 0-1: Ball 1-1: Swinging Strike 1-2: Grounds into DOUBLE play, U5-4-3 (Groundball, 5L, EV 87.5 MPH)
|
|
Pinch Hitting: LHB Sal Burgos
|
0-0: Ball 1-0: Called Strike 1-1: Foul Ball, location: 2F 1-2: Strikes out swinging
|
| Bottom of the 9th over - 0 runs, 0 hits, 0 errors, 1 left on base; Calgary 4 - Madison 0 |
|